 Dungeon Crawl Stone Soup version 0.29.0-15-g675c0067aa (webtiles) character file.

Game seed: 349465812019195873

1899 writerjack the Fighter (level 8, -7/83 HPs)
             Began as a Minotaur Berserker on Sept 11, 2022.
             Was a Believer of Trog.
             Mangled by a two-headed ogre
             ... wielding a +0 dire flail
              (21 damage)
             ... on level 6 of the Dungeon.
             The game lasted 00:28:45 (6519 turns).

writerjack the Fighter (Minotaur Berserker)         Turns: 6519, Time: 00:28:45

Health: -7/83      AC: 14    Str: 23    XL:     8   Next: 93%
Magic:  7/7        EV:  7    Int:  4    God:    Trog [**....]
Gold:   264        SH:  0    Dex: 11    Spells: 7/7 levels left

rFire   . . .      SeeInvis .   a - +0 hand axe
rCold   . . .      Faith    .   (no shield)
rNeg    . . .      Spirit   .   h - +0 plate armour
rPois   .          Reflect  .   (helmet restricted)
rElec   .          Harm     .   t - +0 cloak
rCorr   .          Rampage  .   x - +0 pair of gloves
Will    ++...                   (no boots)
Stlth   ..........              (no amulet)
HPRegen 1.23/turn               (no ring)
MPRegen 0.10/turn               (no ring)

@: strong-willed, regenerating
A: horns 2, retaliatory headbutt
a: Renounce Religion, Berserk, Trog's Hand


You were on level 6 of the Dungeon.
You worshipped Trog.
Trog was pleased with you.
You visited 1 branch of the dungeon, and saw 8 of its levels.

You collected 264 gold pieces.

Inventory:

Hand Weapons
 a - a +0 hand axe (weapon)
 e - a +0 hammer
 s - a +1 vorpal spear
Missiles
 q - 4 javelins (quivered)
 r - a throwing net
Armour
 h - a +0 plate armour (worn)
 t - a +0 cloak (worn)
 x - a +0 pair of gloves (worn)
Scrolls
 b - a scroll of brand weapon
 f - 2 scrolls of magic mapping
 g - 2 scrolls of teleportation
 j - 2 scrolls of poison
 l - 2 scrolls of enchant armour
 m - 3 scrolls of fear
 o - 2 scrolls of fog
 v - a scroll of acquirement {unknown}
 y - a scroll of amnesia {unknown}
 A - 2 scrolls of immolation {unknown}
Potions
 c - 2 potions of brilliance
 d - 2 potions of curing {unknown}
 k - 2 potions of mutation {unknown}
 n - a potion of attraction {unknown}
 u - a potion of heal wounds {unknown}
 w - a potion of cancellation {unknown}
 z - a potion of lignification {unknown}


   Skills:
 - Level 12.2 Fighting
 + Level 6.7 Axes
 + Level 5.2 Armour
 - Level 2.2 Dodging


You had 7 spell levels left.
You didn't know any spells.
Your spell library contained the following spells:

 Spells                   Type           Power      Damage    Failure   Level
 Ozocubu's Armour         Ice            0%         N/A       100%        3
 Ozocubu's Refrigeration  Ice            0%         4d7       100%        7


Dungeon Overview and Level Annotations

Branches:
Dungeon (8/15)             Temple (0/1) D:4
   Lair: D:8-11

Altars:
Ashenzari
Elyvilon
Kikubaaqudgha
Trog
Uskayaw


Innate Abilities, Weirdness & Mutations

You have a pair of horns on your head.
You reflexively headbutt those who attack you in melee.


Message History

Trog accepts your kill. The orc barely misses you.
You hear the steady creaking of a distant portcullis.
The orc hits you but does no damage.
The centaur shoots an arrow.
The arrow hits you.
You hear a shout!
Items here: ( )) †.
You hit the orc. You headbutt the orc.
You kill the orc!
Trog accepts your kill.
The centaur shoots an arrow.
The arrow hits you.
You hear two shouts!
The centaur shoots an arrow.
The arrow barely misses you.
The centaur shoots an arrow.
The arrow hits you but does no damage.
You hear an angry hiss.
The centaur shoots an arrow.
The arrow hits you!
A two-headed ogre comes into view.
It is wielding a +0 dire flail and a +0 giant spiked club.
The two-headed ogre shouts in stereo!
The centaur shoots an arrow.
The arrow closely misses you.
A kobold comes into view. It is wielding a +0 short sword.
The centaur shoots an arrow.
The arrow hits you.
The centaur shoots an arrow.
The arrow hits you.
The centaur shoots an arrow.
The arrow hits you.
The centaur shoots an arrow.
The arrow hits you!
The centaur shoots an arrow.
The arrow hits you.
The centaur shoots an arrow.
The arrow hits you.
An iguana comes into view.
The centaur shoots an arrow.
The arrow barely misses you.
The centaur shoots an arrow.
The arrow hits you!
There is a stone staircase leading up, spattered with blood here.
The centaur shoots an arrow.
The arrow hits you. The two-headed ogre barely misses you.
The two-headed ogre hits you with a +0 giant spiked club!!
* * * LOW HITPOINT WARNING * * *
You climb upwards.
There is a stone staircase leading down here.
Your skin crawls.
You feel strong-willed.
The two-headed ogre hits you with a +0 dire flail!!
You die...

............# [...........#
...........## ......######
......#..## ..........####
#### ...........#.####..##
...............O....#
................@...##
....................(#
...).................##
......................#
.................###.##
.................##..#
.......)<........##.#####
......................#.#
........................#####


You could see a two-headed ogre.

Vanquished Creatures
  A two-headed ogre (D:5)
  Grinder (D:3)
  Sigmund (D:5)
  A black bear (D:5)
  An ogre (D:5)
  A phantom (D:3)
  2 scorpions
  A hound (D:5)
  An orc priest (D:5)
  A gnoll bouda (D:5)
  Crazy Yiuf (D:3)
  Jessica (D:3)
  4 iguanas
  2 orc wizards
  Terence (D:3)
  Robin (D:1)
  6 gnolls
  10 adders
  A white imp (D:3)
  2 worms
  A dart slug (D:4)
  17 orcs
  5 bats
  7 endoplasms
  A giant cockroach (D:4)
  9 goblins
  9 hobgoblins
  4 jackals
  6 kobolds
  5 quokkas
  7 ball pythons
  A frilled lizard (D:2)
  6 rats
118 creatures vanquished.

Notes
Turn   | Place    | Note
-------+----------+-------------------------------------------
     0 | D:1      | writerjack the Minotaur Berserker began the quest for the
                  | Orb.
     0 | D:1      | Reached XP level 1. HP: 19/19 MP: 0/0
   290 | D:1      | Reached XP level 2. HP: 22/27 MP: 1/1
   351 | D:1      | You fall into a shaft and drop 1 floor!
   353 | D:2      | Found an ancient bone altar of Kikubaaqudgha.
   364 | D:2      | Reached skill level 4 in Fighting
   370 | D:2      | Reached XP level 3. HP: 12/34 MP: 2/2
   392 | D:2      | Noticed Robin
   684 | D:1      | Killed Robin
   961 | D:2      | Reached ** piety under Trog
   962 | D:2      | Reached XP level 4. HP: 29/41 MP: 3/3
  1221 | D:2      | Reached skill level 5 in Fighting
  1540 | D:3      | Noticed Jessica
  1545 | D:3      | Killed Jessica
  1546 | D:3      | Reached skill level 5 in Axes
  1614 | D:5      | Entered Level 5 of the Dungeon
  1614 | D:5      | Noticed a scorpion
  1651 | D:3      | Reached XP level 5. HP: 30/48 MP: 4/4
  1932 | D:3      | Noticed a phantom
  1948 | D:3      | Killed a phantom
  1949 | D:3      | Reached skill level 6 in Fighting
  1949 | D:3      | Reached XP level 6. HP: 50/57 MP: 5/5
  2063 | D:3      | Noticed Terence
  2080 | D:3      | Killed Terence
  2241 | D:3      | Noticed Grinder
  2246 | D:3      | Paralysed by Grinder for 3 turns
  2262 | D:3      | Paralysed by Grinder for 2 turns
  2270 | D:3      | Paralysed by Grinder for 4 turns
  2277 | D:3      | Killed Grinder
  2278 | D:3      | Reached XP level 7. HP: 15/64 MP: 6/6
  2764 | D:3      | Found a runed translucent door.
  2765 | D:3      | Noticed Crazy Yiuf
  2921 | D:3      | Killed Crazy Yiuf
  3205 | D:4      | Reached skill level 7 in Fighting
  3245 | D:4      | Found a staircase to the Ecumenical Temple.
  3630 | D:4      | Found a bloodstained altar of Trog.
  3630 | D:4      | Found a broken altar of Ashenzari.
  3704 | D:5      | Noticed a two-headed ogre
  4364 | D:5      | Noticed Sigmund
  4375 | D:5      | Reached skill level 8 in Fighting
  4417 | D:5      | Killed Sigmund
  4706 | D:5      | Reached skill level 9 in Fighting
  4711 | D:5      | Reached XP level 8. HP: 35/78 MP: 7/7
  4979 | D:5      | Killed a two-headed ogre
  4980 | D:5      | Reached skill level 11 in Fighting
  5500 | D:5      | Found a white marble altar of Elyvilon.
  5683 | D:6      | Reached skill level 12 in Fighting
  6009 | D:6      | Reached skill level 5 in Armour
  6253 | D:6      | Found a hide-covered altar of Uskayaw.
  6511 | D:7      | Noticed a two-headed ogre
  6519 | D:6      | Mangled by a two-headed ogre

Illustrated notes

Levels and vault maps discovered:
D:1:      dpeg_arrival_simpleton_c, layout_basic,
          dreamdust_ecumenical_altar_sealed_demon, grunt_decor_junction,
          minmay_box_of_dots
D:2:      layout_rooms, basic_altar, uniq_robin
D:3:      layout_rooms, grunt_ministairs_13, uniq_crazy_yiuf_cottage,
          uniq_grinder, uniq_jessica, uniq_terence
D:4:      layout_layer_cave, nicolae_overflow_two_pavilions,
          minmay_temple_entry_trees
D:5:      layout_basic, nicolae_elyvilon_temple_path, uniq_edmund, uniq_sigmund,
          uniq_menkaure
D:6:      layout_cave_pools, lemuel_tele_altar
D:7:      layout_loops_ring, mainiacjoe_overflow_brackets, enter_bailey_3,
          serial_shops, nicolae_inconvenience_store, kennysheep_mini,
          uniq_joseph
D:8:      layout_cave_pods

Skill      XL: |  1  2  3  4  5  6  7  8 |
---------------+-------------------------+-----
Axes           | 4 5 6 |  6.7
Fighting       | 4 5 6 9 12 | 12.2
Armour         | 3 4 5 |  5.2
Dodging        | |  2.2

Action                   |  1- 3 |  4- 6 |  7- 9 || total
-------------------------+-------+-------+-------++-------
Melee: Hand axe          |    60 |   100 |   147 ||   307
       Headbutt          |     7 |    21 |    32 ||    60
       Punch             |     2 |     3 |     2 ||     7
Invok: Berserk           |       |     1 |     3 ||     4
       Trog's Hand       |       |       |     3 ||     3
Evoke: Wand              |       |       |     1 ||     1
  Use: Scroll            |       |       |    11 ||    11
       Potion            |       |       |     2 ||     2
Armor: Leather armour    |    23 |       |       ||    23
       Scale mail        |       |    23 |       ||    23
       Chain mail        |       |       |    82 ||    82
       Plate armour      |       |       |    13 ||    13
Dodge: Dodged            |    46 |    54 |    54 ||   154
